 Dungeon Crawl Stone Soup version 0.30.0-16-gbe6223bb7e (webtiles) character file.

Game seed: 16745174810551913497

13 NateTC the Poker (level 2, -8/24 HPs)
             Began as a Merfolk Fighter on May 20, 2023.
             Mangled by Terence
             ... wielding a +1 hand axe of electrocution
              (11 damage)
             ... on level 2 of the Dungeon.
             The game lasted 00:01:15 (778 turns).

NateTC the Poker (Merfolk Fighter)                   Turns: 778, Time: 00:01:15

Health: -8/24      AC:  7    Str: 16    XL:     2   Next: 37%
Magic:  2/2        EV:  8    Int:  7    God:
Gold:   41         SH:  4    Dex: 13    Spells: 1/1 levels left

rFire   . . .        a - +0 trident
rCold   . . .        c - +0 buckler
rNeg    . . .        b - +0 scale mail
rPois   .            (no helmet)
rElec   .            (no cloak)
rCorr   .            g - +0 pair of gloves
SInv    .            (no boots)
Will    .....        (no amulet) Stlth
                     l - ring of flight
HPRegen 0.24/turn    (no ring)
MPRegen 0.08/turn

%: no passive effects
@: flying
A: (nimble swimmer 2), mertail
a: no special abilities


You were on level 2 of the Dungeon.
You visited 1 branch of the dungeon, and saw 2 of its levels.

You collected 41 gold pieces.

Inventory:

Hand Weapons
 a - a +0 trident (weapon)
Armour
 b - a +0 scale mail (worn)
 c - a +0 buckler (worn)
 g - a +0 pair of gloves (worn)
Jewellery
 l - a ring of flight (left hand)
Scrolls
 i - 2 scrolls of identify {unknown}
 j - a scroll of enchant weapon {unknown}
 k - a scroll of enchant armour {unknown}
Potions
 d - 2 potions of might
 e - a potion of attraction {unknown}
 f - a potion of cancellation {unknown}
 h - a potion of flight {unknown}


   Skills:
 + Level 3.5 Fighting
 * Level 3.6 Polearms
 - Level 2.1 Armour
 - Level 3.0 Shields


You had one spell level left.
You didn't know any spells.
Your spell library was empty.

Dungeon Overview and Level Annotations

Branches:
Dungeon (2/15) Zot: 11214

Altars:

Annotations:
D:2 Terence


Innate Abilities, Weirdness & Mutations

((You are very nimble when in or above water. (Stealth+, EV+, Speed+++)))
Your lower body shifts to a powerful aquatic tail in water.


Message History

Found 3 atropa-tipped darts.
i - 2 scrolls labelled YTWAXY SOIWNE (gained 1)
Found a falchion.
Key pressed, stopping explore.
No target in view!
No target in view!
No target in view!
Terence the Incautious comes into view.
He is wielding a +1 hand axe of electrocution.
Terence shouts!
Terence is nearby!
Terence is nearby!
Terence is nearby!
You hit Terence.
Terence is lightly wounded.
Terence shouts, "Get ready for death!"
Terence hits you with a +1 hand axe of electrocution.
You hit Terence.
Terence is moderately wounded.
Terence hits you with a +1 hand axe of electrocution.
You barely miss Terence.
Terence is moderately wounded.
Terence hits you with a +1 hand axe of electrocution!
* * * LOW HITPOINT WARNING * * *
You are too injured to fight recklessly!
You are too injured to fight recklessly!
Terence attacks as you move away! You block Terence's attack.
You hit Terence.
Terence is heavily wounded.
Terence hits you but does no damage.
You hit Terence but do no damage.
Terence is heavily wounded.
Terence hits you but does no damage.
Terence hits you with a +1 hand axe of electrocution.
* * * LOW HITPOINT WARNING * * *
You closely miss Terence.
Terence is heavily wounded.
Terence hits you with a +1 hand axe of electrocution.
* * * LOW HITPOINT WARNING * * *
You are electrocuted!
You die...

#.# #.#
.#.#######.###
...........).#
##.#####.....#
#.....# #.###.#
###@###.# .#
#..@..#.# .#
#.###.#.######.###
... #........#.#..
### #.#.###....#.#
...#........#.#
#####.###...##.#
#.# ##.###.### #.#
#.###.##.
#.####.##.#.#.


You could see Terence.

Vanquished Creatures
  A ball python (D:1)
  2 bats (D:1)
  A goblin (D:1)
  3 hobgoblins (D:1)
  A quokka (D:1)
  A frilled lizard (D:1)
  A kobold (D:1)
  A rat (D:1)
11 creatures vanquished.

Notes
Turn   | Place    | Note
-------+----------+-------------------------------------------
     0 | D:1      | NateTC the Merfolk Fighter began the quest for the Orb.
     0 | D:1      | Reached XP level 1. HP: 18/18 MP: 1/1
   198 | D:1      | Found a faded altar of an unknown god.
   315 | D:1      | Reached XP level 2. HP: 24/24 MP: 2/2
   764 | D:2      | Noticed Terence
   778 | D:2      | Mangled by Terence

Illustrated notes

Levels and vault maps discovered:
D:1:      erik_arrival_orb_chamber, layout_basic,
          shapermc_ecumenical_altar_flowoftime, moated_statue
D:2:      layout_loops_ring, serial_shops, nicolae_shop_advertising_works
          [nicolae_subvault_shop_adworks], shop, uniq_terence

Skill      XL: |  1 |
---------------+----+-----
Polearms       | 3 |  3.6
Fighting       | |  3.5
Armour         | |  2.1
Shields        | |  3.0

Action                     || total
---------------------------++-------
  Melee: Trident           ||    50
 Armour: Scale mail        ||    15
  Dodge: Dodged            ||     6
  Block: Buckler           ||     7
